 Dungeon Crawl Stone Soup version 0.22-a0-299-g43f9854 (webtiles) character file.

520 vishdafish the Slasher (level 7, -1/60 HPs)
             Began as a Red Draconian Fighter on Mar 26, 2018.
             Was an Initiate of Makhleb.
             Slain by a hippogriff (7 damage)
             ... on level 5 of the Dungeon.
             The game lasted 00:07:07 (4585 turns).

vishdafish the Slasher (Red Draconian Fighter)      Turns: 4585, Time: 00:07:07

Health: -1/60      AC:  6    Str: 20    XL:     7   Next: 1%
Magic:  7/7        EV: 11    Int: 10    God:    Makhleb [......]
Gold:   185        SH:  9    Dex: 11    Spells: 6/6 levels left

rFire    + . .     SeeInvis .   a - +1 long sword
rCold    . . .     Gourm    .   b - +0 shield
rNeg     . . .     Faith    .   (armour unavailable)
rPois    .         Spirit   .   (helmet restricted)
rElec    .         Reflect  .   (no cloak)
rCorr    .         Harm     .   (no gloves)
MR       .....                  (no boots)
Stlth    +.........             (no amulet)
HPRegen  0.20/turn              n - +2 ring of strength
MPRegen  0.10/turn              (no ring)

@: no status effects
A: breathe fire, unfitting armour, fire resistance 1, cold-blooded, AC +6
a: Breathe Fire, Renounce Religion


You were on level 5 of the Dungeon.
You worshipped Makhleb.
Makhleb was noncommittal.
You were not hungry.

You visited 2 branches of the dungeon, and saw 6 of its levels.

You collected 185 gold pieces.

Inventory:

Hand Weapons
 a - a +1 long sword (weapon)
Missiles
 m - 6 javelins of returning (quivered)
Armour
 b - a +0 shield (worn)
Jewellery
 n - a +2 ring of strength (left hand)
Scrolls
 e - 4 scrolls of identify
 f - a scroll of fear
 g - a scroll of fog
 h - a scroll of blinking
 i - a scroll of immolation {unknown}
 l - 2 scrolls of teleportation {unknown}
 p - a scroll of enchant weapon
 s - a scroll of remove curse
Potions
 j - 2 potions of magic
 k - a potion of mutation
 o - a potion of degeneration {unknown}
 q - a potion of berserk rage {unknown}
 r - 2 potions of agility {unknown}
Comestibles
 d - 3 rations


   Skills:
 + Level 4.8 Fighting
 * Level 5.1 Long Blades
 + Level 4.0 Dodging
 + Level 4.3 Shields


You had 6 spell levels left.
You didn't know any spells.

Dungeon Overview and Level Annotations

Branches:
Dungeon (5/15)             Temple (1/1) D:4

Altars:
Ashenzari
Cheibriados
Dithmenos
Fedhas
Gozag
Hepliaklqana
Kikubaaqudgha
Makhleb
Nemelex Xobeh
Okawaru
Qazlal
Ru
Trog
Uskayaw
Vehumet
Xom
Zin


Innate Abilities, Weirdness & Mutations

You can breathe blasts of fire.
Your fiery red scales are hard. (AC +6)
You cannot fit into any form of body armour.
Your flesh is heat resistant. (rF+)
You are cold-blooded and may be slowed by cold attacks.


Message History

The hippogriff is severely wounded.
The hippogriff bites you! You block the hippogriff's attack. x2
You hit the hippogriff.
The hippogriff is almost dead.
The hippogriff bites you!
* * * LOW HITPOINT WARNING * * *
The hippogriff pecks you but does no damage.
You block the hippogriff's attack.
The crimson imp blinks!
You hit the hippogriff.
Your tail-slap misses the hippogriff.
The hippogriff is almost dead.
You block the hippogriff's attack. The hippogriff pecks you.
* * * LOW HITPOINT WARNING * * *
The hippogriff claws you but does no damage.
You aren't carrying any items that you can evoke.
You feel better.
The hippogriff bites you but does no damage.
The hippogriff pecks you.
* * * LOW HITPOINT WARNING * * *
The hippogriff claws you!
You die...

#..........#.....
#.########.##..> #.#
#.##..# #.#
####.##..# #.#
##....##..# #.#
#.........# #.#
#..##.....#####
#.####..##.....<....
#..@H......########.
######5>#### #..#
#5.# ..# ..# ..# ..#


You could see a hippogriff and a crimson imp.

Vanquished Creatures
  A sky beast (D:3)
  An ogre (D:4)
  A crimson imp (D:4)
  A bullfrog skeleton (D:4)
  Terence (D:2)
  Jessica (D:2)
  3 gnolls (D:4)
  9 adders
  An ooze (D:2)
  An adder skeleton (D:2)
  6 worms
  A dart slug (D:1)
  2 leopard geckos
  5 orcs (D:3)
  5 ball pythons
  8 bats
  4 giant cockroaches
  9 goblins
  8 hobgoblins
  11 jackals
  9 frilled lizards
  11 kobolds
  5 rats
104 creatures vanquished.

Notes
Turn   | Place    | Note
-------+----------+-------------------------------------------
     0 | D:1      | vishdafish the Draconian Fighter began the quest for the Orb.
     0 | D:1      | Reached XP level 1. HP: 19/19 MP: 1/1
    37 | D:1      | Reached XP level 2. HP: 9/26 MP: 2/2
   605 | D:1      | Reached XP level 3. HP: 30/31 MP: 3/3
  1022 | D:2      | Reached skill level 3 in Long Blades
  1339 | D:2      | Reached XP level 4. HP: 34/40 MP: 4/4
  1471 | D:2      | Noticed Jessica
  1476 | D:2      | Killed Jessica
  1891 | D:2      | Found a faded altar of an unknown god.
  1910 | D:2      | Noticed Terence
  1926 | D:2      | Killed Terence
  1926 | D:2      | Reached XP level 5. HP: 36/46 MP: 5/5
  2367 | D:3      | Found a radiant altar of Vehumet.
  2405 | D:3      | Found a snail-covered altar of Cheibriados.
  2755 | D:3      | Reached skill level 4 in Long Blades
  3164 | D:3      | Noticed a sky beast
  3175 | D:3      | Killed a sky beast
  3175 | D:3      | Reached XP level 6. HP: 30/53 MP: 6/6
  3393 | D:4      | Found a burning altar of Makhleb.
  3571 | D:4      | Found the +10 Black Knight's horse barding {ponderous, rPois rN+}
  3572 | D:4      | Found a staircase to the Ecumenical Temple.
  3582 | Temple   | Entered the Ecumenical Temple
  4147 | D:4      | Reached skill level 5 in Long Blades
  4147 | D:4      | Your scales start taking on a fiery red colour.
  4147 | D:4      | Reached XP level 7. HP: 13/60 MP: 7/7
  4147 | D:4      | Gained mutation: Your flesh is heat resistant. (rF+) [Red Draconian growth]
  4522 | D:4      | Became a worshipper of Makhleb the Destroyer
  4538 | D:5      | Entered Level 5 of the Dungeon
  4572 | D:5      | Noticed a hippogriff
  4585 | D:5      | Slain by a hippogriff

Vault maps used:
D:1:      lightli_arrival_boilingwater
D:2:      chequers_ecumenical_altar_simple, minmay_misc_feat_rows, uniq_jessica,
          uniq_terence
D:3:      vehumet_crystals, cheibriados_altar_1, serial_corexii_hall,
          corexii_hall_statues_x, corexii_hall_statues_i
D:4:      lemuel_upstairs_altar, makhleb_grotto_becter,
          minmay_temple_entry_statues_pillars, first_ration, st_stairs_13
D:5:      lemuel_crystal_altar
Temple:   eino_narrow_crystal_temple

Skill      XL: |  1  2  3  4  5  6 |
---------------+-------------------+-----
Dodging        | 3 4 |  4.0
Long Blades    | 3 4 5 |  5.1
Fighting       | 4 |  4.8
Shields        | 4 |  4.3

Action                   |  1- 3 |  4- 6 |  7- 9 || total
-------------------------+-------+-------+-------++-------
Melee: Long sword        |   135 |   135 |     9 ||   279
       Tailslap          |    12 |    41 |     1 ||    54
       Spear             |       |   112 |       ||   112
Throw: Javelin           |       |    11 |       ||    11
  Use: Potion            |     2 |     4 |     1 ||     7
       Scroll            |       |    10 |       ||    10
 Stab: Distracted        |     1 |       |       ||     1
       Sleeping          |       |     1 |       ||     1
       Invisible         |       |     1 |       ||     1
  Eat: Chunk             |     1 |     8 |       ||     9
       Ration            |       |     1 |       ||     1
Armor: Skin              |    37 |    38 |     5 ||    80
Dodge: Dodged            |    67 |   114 |     4 ||   185
Block: Shield            |    70 |   107 |    10 ||   187
       Rpst.: Long sword |    25 |    22 |     1 ||    48

Table legend:
 A = Spawn XP
 B = Non-spawn XP
 C = Spawn XP percentage of total XP
 D = Spawn monster count
 E = Non-spawn monster count
 F = Spawn count percentage of total count
 G = Total turns spent on level
                    A         B        C        D         E        F      G
               +---------+---------+-------+---------+---------+-------+---------
         Total |       0 |     743 |   0.0 |       0 |     104 |   0.0 |  4585
               +---------+---------+-------+---------+---------+-------+---------
           D:1 |       0 |      61 |   0.0 |       0 |      38 |   0.0 |   998
           D:2 |       0 |     181 |   0.0 |       0 |      28 |   0.0 |  1182
           D:3 |       0 |     219 |   0.0 |       0 |      25 |   0.0 |  1157
           D:4 |       0 |     282 |   0.0 |       0 |      13 |   0.0 |  1009
               +---------+---------+-------+---------+---------+-------+---------
